 Dungeon Crawl Stone Soup version 0.26-a0-43-g20b394cb32 (webtiles) character file.

Game seed: 2880451296300093610

102951 1994 the Warrior (level 16, 0/179 HPs)
             Began as an Ogre Hunter on June 3, 2020.
             Was the Champion of Ru.
             Slain by a tyrant leech (18 damage)
             ... on level 1 of the Swamp.
             The game lasted 02:05:17 (52830 turns).

1994 the Warrior (Ogre Hunter)                     Turns: 52830, Time: 02:05:18

Health: 0/179      AC:  3    Str: 23    XL:     16   Next: 34%
Magic:  12/16      EV: 12    Int: 12    God:    Ru [******]
Gold:   2171       SH:  0    Dex: 11    Spells: 14/15 levels left

rFire    + . .     SeeInvis .   b - +6 giant spiked club "Lyiluas" {drain, rElec MR+}
rCold    + . .     Gourm    .   (shield currently unavailable)
rNeg     . . .     Faith    .   t - +2 robe {rC+ rF+}
rPois    +         Spirit   .   E - +1 hat
rElec    +         Reflect  .   K - +1 cloak
rCorr    .         Harm     .   (gloves unavailable)
MR       ++...                  (boots unavailable)
Stlth    +.........             W - amulet of regeneration
HPRegen  0.79/turn              x - +4 ring of slaying
MPRegen  0.15/turn              I - ring of poison resistance

@: exhausted
A: large, unfitting armour, tough skin 1, inability to use devices, hated by
all, no earth magic, no summoning magic, no transmutations magic, reduced AC 1,
unskilled 1
a: Draw Out Power, Power Leap, Apocalypse, Renounce Religion


You were on level 1 of the Swamp.
You worshipped Ru.
Ru was exalted by your worship.
You were very hungry.

You visited 5 branches of the dungeon, and saw 26 of its levels.
You also visited: Gauntlet and Volcano.

You collected 2664 gold pieces.
You spent 493 gold pieces at shops.

Inventory:

Hand Weapons
 a - a +2 dire flail of protection
 b - the +6 giant spiked club "Lyiluas" (weapon) {drain, rElec MR+}
   (You took it off a two-headed ogre on level 10 of the Dungeon)

   A truly terrible weapon, it drains the life of those it strikes.
   It insulates you from electricity.
   It affects your resistance to hostile enchantments.
 M - a +2 antimagic great mace
 Z - a +8 giant spiked club of flaming
Missiles
 c - 16 large rocks
 d - 2 throwing nets
 e - 545 stones
 k - 12 curare-tipped darts
 B - 29 boomerangs (quivered)
 F - 15 javelins
 J - a boomerang of dispersal
 R - 8 silver javelins
Armour
 i - +0 acid dragon scales
 m - +0 fire dragon scales
 t - a +2 robe of resistance (worn)
 E - a +1 hat (worn)
 K - a +1 cloak (worn)
 S - a +2 robe of magic resistance
Jewellery
 g - a +6 ring of strength
 s - an uncursed ring of wizardry
 x - a +4 ring of slaying (left hand)
 D - an uncursed ring of stealth
 H - an uncursed ring of positive energy
 I - a ring of poison resistance (right hand)
 P - an uncursed ring of resist corrosion
 Q - an uncursed ring of protection from fire
 U - an uncursed ring of see invisible
 W - an amulet of regeneration (around neck)
Scrolls
 h - 10 scrolls of remove curse
 o - a scroll of magic mapping
 v - a scroll of immolation
 w - a scroll of random uselessness {unknown}
 G - 3 scrolls of fear
 N - 11 scrolls of teleportation
 O - 5 scrolls of fog
 T - 4 scrolls of identify
 X - a scroll of vulnerability {unknown}
 Y - a scroll of blinking
Potions
 j - 7 potions of might
 l - 6 potions of brilliance
 n - a potion of haste
 p - 7 potions of curing
 q - 6 potions of flight
 r - 2 potions of magic
 u - 3 potions of heal wounds
 z - 4 potions of stabbing
 A - a potion of ambrosia
 C - 2 potions of berserk rage
 L - 3 potions of resistance
 V - a potion of lignification
Comestibles
 f - 43 rations


   Skills:
 + Level 16.2 Fighting
 * Level 16.1 Maces & Flails
 + Level 13.3 Throwing
 - Level 5.6 Dodging
 - Level 0.5 Stealth


You had 14 spell levels left.
You knew the following spells:

 Your Spells              Type           Power        Failure   Level  Hunger
a - Apportation           Tloc           #.....       32%         1    ##.....

Your spell library contained the following spells:

 Spells                   Type           Power        Failure   Level  Hunger
 Corona                   Hex            #......      32%         1    ##.....
 Foxfire                  Conj/Fire      #...         32%         1    ##.....
 Infusion                 Chrm           #...         32%         1    ##.....
 Ensorcelled Hibernation  Hex/Ice        #.....       45%         2    ###....
 Confusing Touch          Hex            #.......     69%         3    ####...
 Dazzling Flash           Conj/Hex       #.....       69%         3    ####...
 Inner Flame              Hex/Fire       #.......     69%         3    ####...
 Excruciating Wounds      Chrm/Necr      #.........   100%        5    ######.
 Starburst                Conj/Fire      #.........   100%        6    #######
 Animate Skeleton         Necr           Unusable     N/A         1    N/A
 Summon Small Mammal      Summ           Unusable     N/A         1    N/A
 Ignite Poison            Fire/Tmut/Pois Unusable     N/A         3    N/A
 Tukima's Dance           Hex            Unusable     N/A         3    N/A

Dungeon Overview and Level Annotations

Branches:
Dungeon (15/15)            Temple (1/1) D:5            Lair (6/6) D:9
  Swamp (2/4) Lair:3        Snake (0/4) Lair:3        Slime (0/5) Lair:5
    Orc (2/2) D:12            Elf (0/3) Orc:2        Depths (0/5) D:15
Volcano (visited)         Gauntlet (visited)
 Vaults: D:13-14

Altars:
Ashenzari
Cheibriados
Dithmenos
Elyvilon
Fedhas
Gozag
Hepliaklqana
Kikubaaqudgha
Makhleb
Nemelex Xobeh
Okawaru
Qazlal
Ru
Sif Muna
Trog
Uskayaw
Vehumet
Wu Jian
Xom
Yredelemnul
Zin
The Shining One
Jiyva

Shops:
D:6 !   Orc:2 *!}*

Portals:
Trove: D:12 (give +5 demon blade)

Annotations:
D:13 exclusion: 4 doors
Lair:5 1 runed translucent door, kelmiir's ghost, journeyman DsBe


Innate Abilities, Weirdness & Mutations

You are too large for most types of armour.
You have tough skin. (AC +1)
You cannot study or use magical devices.
You are hated by all.
You cannot study or cast Earth magic.
You cannot study or cast Summoning magic.
You cannot study or cast Transmutations magic.
You take slightly more damage. (AC -5)
You are somewhat unskilled. (-1 Apt)


Message History

Unknown command.
Unknown command.
You closely miss the tyrant leech.
The tyrant leech is heavily wounded.
The tyrant leech bites you!!
* * * LOW HITPOINT WARNING * * *
The tyrant leech draws strength from your injuries!
You closely miss the tyrant leech.
The tyrant leech is moderately wounded.
The tyrant leech closely misses you.
Unknown command.
Unknown command.
You sock the tyrant leech! You drain the tyrant leech.
The tyrant leech is heavily wounded.
Unknown command.
Unknown command.
You bludgeon the tyrant leech!!
The tyrant leech is almost dead.
The tyrant leech bites you!!
You die...

♣♣♣♣ ♣..♣♣♣ ♣♣♣
♣≈.≈.♣♣♣♣♣♣.♣♣♣♣
♣♣≈≈≈.≈.....≈...♣♣♣
...≈≈≈≈.♣...≈≈≈>..♣♣
♣.≈♣≈≈≈♣.♣♣♣..†w†..♣♣
♣.≈...♣♣♣♣
♣♣.♣.@...♣♣♣ ≈.≈.≈≈.♣
♣♣♣♣♣♣....♣ ≈.≈..≈♣♣
♣♣♣..♣ .≈≈≈≈§♣ ♣♣♣♣.♣
♣≈≈≈.♣♣ ♣♣....♣
♣≈≈≈†♣ ♣♣..≈..♣
♣≈≈..♣ ♣.♣.≈.♣♣
♣...♣♣ ♣.≈...♣ ♣≈≈.♣
♣♣♣.≈...♣


You could see a tyrant leech (drained, corona).

Vanquished Creatures
  Kirke (D:13)
  A fire giant (D:13)
  A red draconian (Volcano)
  A minotaur (Gauntlet)
  An ettin (D:13)
  A fire dragon (Lair:6)
  The ghost of Albert the Cleaver, a journeyman DDFi of the Shining One (D:10)
  An ogre mage (D:15)
  2 catoblepae (Lair:4)
  6 hydras
  3 centaur warriors
  3 death knights
  A ghost crab (Swamp:1)
  8 two-headed ogres
  6 alligators (Swamp:1)
  4 orc high priests (Orc:2)
  3 death yaks
  2 tengu warriors
  Urug (Lair:5)
  Sonja (Lair:2)
  4 skeletal warriors (D:15)
  2 unseen horrors
  A wizard (D:15)
  A salamander mystic (Volcano)
  2 phantasmal warriors
  A lindwurm (Lair:6)
  A swamp dragon (Swamp:1)
  7 orc knights
  A deep elf mage (D:13)
  7 orc sorcerers
  2 manticores (D:11)
  4 salamanders (Volcano)
  6 ugly things
  A moth of wrath (D:10)
  3 cyclopes
  8 elephants
  4 centaur zombies
  7 black mambas
  A gargoyle (D:11)
  4 torpor snails
  A naga mage (D:15)
  5 molten gargoyles
  6 rime drakes
  15 spiny frogs
  11 komodo dragons
  2 freezing wraiths (D:14)
  4 kobold demonologists
  A tengu conjurer (D:15)
  A meliai (shapeshifter) (D:12)
  A hornet (D:13)
  5 tyrant leeches (Swamp:1)
  A troll (D:10)
  8 slime creatures
  2 bog bodies
  9 blink frogs
  9 hippogriffs
  2 raiju (Gauntlet)
  4 dream sheep
  A vampire (D:12)
  5 flying skulls (Gauntlet)
  3 shadows
  27 yaks
  5 wyverns
  5 humans
  2 fire bats (Volcano)
  7 basilisks
  2 wraiths (D:14)
  2 vampire mosquitoes (Swamp:1)
  4 hogs (D:7)
  3 hungry ghosts
  3 steam dragons
  4 swamp worms
  2 wargs
  3 hell hounds (Lair:6)
  3 acid dragons
  2 nagas (Lair:3)
  13 water moccasins
  9 porcupines
  26 orc warriors
  4 sky beasts
  5 ice beasts
  A necrophage (D:10)
  2 swamp drakes (Swamp:1)
  10 ogres
  A phantom (D:9)
  16 wolves
  9 centaurs
  10 crocodiles
  3 big kobolds
  21 bullfrogs
  A wyvern zombie (D:12)
  A wyvern skeleton (D:13)
  A scorpion (D:2)
  10 killer bees
  2 electric eels (Lair:2)
  5 wights
  A howler monkey (D:6)
  8 crimson imps
  9 lava snakes
  2 quasits
  A jelly (D:8)
  6 hounds
  14 orc priests
  2 bullfrog skeletons
  4 iguanas
  20 orc wizards
  7 worker ants
  2 lightning spires (Gauntlet)
  2 hound zombies
  A hound skeleton (D:7)
  4 worker ant zombies
  A howler monkey zombie (D:5)
  14 gnolls
  A howler monkey skeleton (D:5)
  7 adders
  3 shadow imps
  An ooze (D:4)
  2 adder skeletons (D:9)
  3 worms
  A dart slug (D:2)
  3 leopard geckos
  69 orcs
  5 bats
  6 giant cockroaches
  13 goblins
  11 hobgoblins
  5 quokkas
  A ball python (D:8)
  2 frilled lizards
  A goblin skeleton (D:8)
  5 hobgoblin zombies (D:8)
  A jackal skeleton (D:7)
  A jackal zombie (D:5)
  17 kobolds
  A kobold skeleton (D:8)
  A leopard gecko zombie (D:8)
  An orc zombie (D:8)
  10 rats
  2 plants
706 creatures vanquished.

Vanquished Creatures (others)
  An orc knight (Orc:2)
  A dream sheep (Lair:5)
  A yak (Lair:4)
  A sky beast (D:9)
  2 ogres
  An orc priest (D:8)
  A jelly (D:13)
  An orc wizard (Orc:2)
  A worker ant (D:9)
  An orc (Orc:1)
  9 fungi
  4 plants
24 creatures vanquished.

Grand Total: 730 creatures vanquished

Notes
Turn   | Place    | Note
-------+----------+-------------------------------------------
     0 | D:1      | 1994 the Ogre Hunter began the quest for the Orb.
     0 | D:1      | Reached XP level 1. HP: 22/22 MP: 1/1
   271 | D:1      | Reached XP level 2. HP: 31/31 MP: 2/2
   308 | D:1      | Reached skill level 1 in Maces & Flails
  1019 | D:2      | Reached XP level 3. HP: 12/37 MP: 3/3
  1453 | D:2      | HP: 1/37 [poisoned by an adder]
  2444 | D:2      | Reached XP level 4. HP: 41/46 MP: 4/4
  3118 | D:2      | Reached XP level 5. HP: 34/54 MP: 5/5
  3905 | D:2      | Reached XP level 6. HP: 43/63 MP: 6/6
  4311 | D:3      | Reached skill level 5 in Throwing
  5411 | D:4      | Noticed a +0 hand axe
  5412 | D:4      | Found a hide-covered altar of Uskayaw.
  5412 | D:4      | Noticed a +0 hand axe
  5633 | D:4      | Reached skill level 5 in Fighting
  6037 | D:5      | Entered Level 5 of the Dungeon
  6208 | D:4      | Reached XP level 7. HP: 47/72 MP: 7/7
  6475 | D:5      | Found a shimmering blue altar of Sif Muna.
  7073 | D:5      | Reached skill level 5 in Maces & Flails
  7135 | D:5      | Found a staircase to the Ecumenical Temple.
  7150 | Temple   | Entered the Ecumenical Temple
  7297 | Temple   | Became a worshipper of Ru the Awakened
  8409 | D:6      | Reached XP level 8. HP: 81/83 MP: 8/8
  8898 | D:6      | Found Quap's Distillery.
  8906 | D:6      | Bought a potion of berserk rage for 70 gold pieces
  8906 | D:6      | Bought a potion of might for 56 gold pieces
  9806 | D:7      | Reached XP level 9. HP: 29/94 MP: 9/9
 10096 | D:7      | Gained mutation: You are somewhat unskilled. (-1 Apt) [Ru
                  | sacrifice]
 10096 | D:7      | Reached * piety under Ru
 11628 | D:8      | Found a glowing golden altar of the Shining One.
 12717 | D:8      | Found a snail-covered altar of Cheibriados.
 12995 | D:8      | Found a burning altar of Makhleb.
 13217 | D:9      | Found a staircase to the Lair.
 13331 | D:9      | Reached XP level 10. HP: 106/106 MP: 10/10
 13490 | D:9      | Gained mutation: You take slightly more damage. (AC -5) [Ru
                  | sacrifice]
 13490 | D:9      | Reached ** piety under Ru
 13490 | D:9      | Reached *** piety under Ru
 14878 | D:9      | Found a glowing golden altar of the Shining One.
 14878 | D:9      | Found a sparkling altar of Nemelex Xobeh.
 14883 | D:9      | Found a faded altar of an unknown god.
 14885 | D:9      | Found a radiant altar of Vehumet.
 14887 | D:9      | Found a faded altar of an unknown god.
 15059 | D:10     | Entered Level 10 of the Dungeon
 15246 | D:10     | Noticed a two-headed ogre
 15942 | D:10     | Found a transporter.
 15944 | D:10     | Found a bloodstained altar of Trog.
 16439 | D:10     | Killed a two-headed ogre
 16627 | D:10     | Identified the cursed +1 demon trident "Byret" {antimagic,
                  | +Fly Str+5 Int+8 Stlth-}
 16627 | D:10     | Noticed an orc knight
 16628 | D:10     | Noticed a two-headed ogre
 16629 | D:10     | Noticed Albert's ghost (journeyman DDFi)
 16630 | D:10     | Identified the +6 battleaxe of Ilered {holy, rF+ MR+ Str+3
                  | Stlth-}
 16630 | D:10     | Noticed a tengu warrior
 16630 | D:10     | Identified the +6 giant spiked club "Lyiluas" {drain, rElec
                  | MR+}
 16630 | D:10     | Noticed a two-headed ogre
 16634 | D:10     | Noticed a moth of wrath
 16844 | D:10     | Found a transporter.
 16930 | D:10     | Noticed an unseen horror
 16937 | D:10     | Killed an unseen horror
 16937 | D:10     | Reached skill level 10 in Fighting
 16937 | D:10     | Reached XP level 11. HP: 90/116 MP: 11/11
 17447 | D:11     | Noticed an unseen horror
 17460 | D:11     | Killed an unseen horror
 17460 | D:11     | Reached skill level 10 in Maces & Flails
 17763 | D:11     | Noticed a manticore
 18182 | D:11     | Noticed an eight-headed hydra
 18752 | Lair:1   | Entered Level 1 of the Lair of Beasts
 18882 | D:11     | Gained mutation: You cannot study or cast Earth magic. [Ru
                  | sacrifice]
 18882 | D:11     | Gained mutation: You cannot study or cast Transmutations
                  | magic. [Ru sacrifice]
 18882 | D:11     | Gained mutation: You cannot study or cast Summoning magic.
                  | [Ru sacrifice]
 18906 | D:11     | Killed a manticore
 19309 | D:11     | Noticed a cyclops
 19648 | D:11     | Killed a cyclops
 20254 | D:11     | Killed an eight-headed hydra
 21727 | Lair:2   | Noticed Sonja
 21739 | Lair:2   | Killed Sonja
 22084 | Lair:2   | Reached XP level 12. HP: 130/130 MP: 12/12
 22304 | Lair:2   | Noticed a four-headed hydra
 23958 | Lair:1   | Reached skill level 10 in Throwing
 25111 | Lair:2   | Noticed a death yak
 25138 | Lair:2   | Noticed a death yak
 25139 | Lair:2   | Noticed a death yak
 25157 | Lair:1   | Killed a death yak
 25286 | D:9      | Killed a death yak
 25537 | Lair:1   | Killed a death yak
 26096 | Lair:2   | Killed a four-headed hydra
 27747 | Lair:3   | Noticed a four-headed hydra
 27821 | Lair:3   | Killed a four-headed hydra
 27821 | Lair:3   | Reached XP level 13. HP: 62/141 MP: 13/13
 28087 | Lair:3   | Found a staircase to the Swamp.
 28479 | Lair:3   | Found a staircase to the Snake Pit.
 29565 | Lair:3   | Found a snail-covered altar of Cheibriados.
 30091 | Lair:4   | Found a dark tunnel.
 30183 | Volcano  | Entered a volcano
 30719 | Volcano  | Found a burning altar of Makhleb.
 31582 | Volcano  | Noticed a red draconian
 31590 | Volcano  | Killed a red draconian
 33847 | Lair:5   | Found a staircase to the Slime Pits.
 33860 | Lair:5   | Found a viscous altar of Jiyva.
 34707 | Lair:5   | Reached skill level 5 in Dodging
 35163 | Lair:5   | Noticed Urug
 35321 | Lair:4   | Gained mutation: You are hated by all. [Ru sacrifice]
 35321 | Lair:4   | Reached **** piety under Ru
 35800 | Lair:5   | HP: 7/144 [Urug/+2 vorpal great mace (3)]
 35801 | Lair:5   | Killed Urug
 36278 | Lair:5   | Reached XP level 14. HP: 132/153 MP: 14/14
 36353 | Lair:5   | Found a runed translucent door.
 36353 | Lair:5   | Noticed kelmiir's ghost (journeyman DsBe)
 36555 | Lair:6   | Entered Level 6 of the Lair of Beasts
 36921 | Lair:6   | Found a gate leading to a gauntlet.
 36937 | Gauntlet | Entered a Gauntlet
 36937 | Gauntlet | Found a transporter.
 36937 | Gauntlet | Found a transporter.
 36937 | Gauntlet | Found a runed translucent door.
 37077 | Gauntlet | Found a runed translucent door.
 37087 | Gauntlet | Found a transporter.
 37101 | Gauntlet | Found a large runed translucent door.
 37102 | Gauntlet | Found a large runed translucent door.
 37103 | Gauntlet | Found a large runed translucent door.
 37103 | Gauntlet | Found a large runed translucent door.
 37103 | Gauntlet | Found a large runed translucent door.
 37103 | Gauntlet | Found a large runed translucent door.
 37103 | Gauntlet | Found a large runed translucent door.
 37103 | Gauntlet | Found a large runed translucent door.
 37104 | Gauntlet | Found a runed translucent door.
 37104 | Gauntlet | Found a runed translucent gate.
 37105 | Gauntlet | Found a runed translucent gate.
 37105 | Gauntlet | Found a transporter.
 37105 | Gauntlet | Found a transporter.
 37105 | Gauntlet | Found a transporter.
 37107 | Gauntlet | Found a transporter.
 37107 | Gauntlet | Found a transporter.
 37121 | Gauntlet | Found a transporter.
 37134 | Gauntlet | Found a transporter.
 37143 | Gauntlet | Found a transporter.
 37147 | Gauntlet | Found a runed translucent door.
 37161 | Gauntlet | Found a transporter.
 37170 | Gauntlet | Found a large runed translucent door.
 37171 | Gauntlet | Found a large runed translucent door.
 37172 | Gauntlet | Found a large runed translucent door.
 37172 | Gauntlet | Found a large runed translucent door.
 37172 | Gauntlet | Found a large runed translucent door.
 37172 | Gauntlet | Found a large runed translucent door.
 37173 | Gauntlet | Found a runed translucent gate.
 37173 | Gauntlet | Found a large runed translucent door.
 37173 | Gauntlet | Found a runed translucent door.
 37173 | Gauntlet | Found a large runed translucent door.
 37178 | Gauntlet | Found a transporter.
 37190 | Gauntlet | Found a transporter.
 37767 | Gauntlet | Noticed an emperor scorpion
 37767 | Gauntlet | a catoblepas changed into an emperor scorpion
 37768 | Gauntlet | an emperor scorpion changed into a catoblepas
 37769 | Gauntlet | Noticed a dire elephant
 37769 | Gauntlet | a catoblepas changed into a dire elephant
 37778 | Gauntlet | Noticed a sphinx
 37778 | Gauntlet | a dire elephant changed into a sphinx
 37782 | Gauntlet | Noticed a shadow dragon
 37782 | Gauntlet | a sphinx changed into a shadow dragon
 37785 | Gauntlet | Noticed a golden dragon
 37785 | Gauntlet | a shadow dragon changed into a golden dragon
 37788 | Gauntlet | Noticed an iron dragon
 37788 | Gauntlet | a golden dragon changed into an iron dragon
 37790 | Gauntlet | Noticed an acid blob
 37790 | Gauntlet | an iron dragon changed into an acid blob
 37803 | Gauntlet | Noticed an iron giant
 37809 | Gauntlet | Noticed an iron dragon
 37809 | Gauntlet | an iron giant changed into an iron dragon
 38350 | Gauntlet | Identified the Collected Works on Torrid Augmentations
 38619 | Lair:6   | Gained mutation: You cannot study or use magical devices.
                  | [Ru sacrifice]
 38619 | Lair:6   | Reached ***** piety under Ru
 38619 | Lair:6   | Reached ****** piety under Ru
 39294 | Lair:6   | Found a large runed translucent door.
 39388 | Lair:6   | Found a large runed translucent door.
 41623 | D:10     | Killed Albert's ghost
 43082 | D:12     | Found a portal to a secret trove of treasure.
 43257 | D:12     | Found a staircase to the Orcish Mines.
 44344 | D:13     | Reached XP level 15. HP: 134/165 MP: 15/15
 44870 | D:13     | Found a runed translucent door.
 44871 | D:13     | Noticed a fire giant
 45289 | D:13     | Noticed Kirke
 45308 | D:13     | Killed Kirke
 45721 | D:13     | Killed a fire giant
 45722 | D:13     | Reached skill level 15 in Fighting
 46356 | D:14     | Reached skill level 15 in Maces & Flails
 46594 | D:14     | Learned a level 1 spell: Apportation
 46871 | D:15     | Entered Level 15 of the Dungeon
 48448 | D:15     | Found a staircase to the Depths.
 48695 | Orc:1    | Entered Level 1 of the Orcish Mines
 48964 | Orc:1    | Found a bloodstained altar of Trog.
 49238 | Orc:2    | Entered Level 2 of the Orcish Mines
 49659 | Orc:2    | Found Xopucopta's General Store.
 50074 | Orc:2    | Reached XP level 16. HP: 179/179 MP: 16/16
 50251 | Orc:2    | Found Ekeihac's Assorted Antiques.
 50255 | Orc:2    | Found Naxoqaex's Distillery.
 50328 | Orc:2    | Found Soenun Luby's Gadget Boutique.
 50560 | Orc:2    | Found a staircase to the Elven Halls.
 51466 | Orc:2    | Bought a scroll of enchant weapon for 217 gold pieces
 51477 | Orc:2    | Bought a potion of haste for 150 gold pieces
 51654 | Swamp:1  | Entered Level 1 of the Swamp
 52830 | Swamp:1  | Slain by a tyrant leech

Illustrated notes

Levels and vault maps discovered:
D:1:      roderic_crop_circles_arrival_small, layout_basic, minmay_box_of_dots
D:2:      kb_forest_paths, layout_basic
D:3:      layout_basic
D:4:      layout_basic, dancing_weapons_uskayaw, first_ration
D:5:      layout_rooms, temple_doors_e, basic_altar
D:6:      layout_loops_corners, serial_shops, shop
D:7:      layout_basic, grunt_livestock, worms_lemuel
D:8:      layout_basic, kennysheep_mini, kennysheep_mini_moat,
          nicolae_tso_besieged_by_evil
D:9:      layout_long_grid, chequers_temple_overflow_minitemple,
          lair_entry_dummy
D:10:     layout_small_grid, gammafunk_ghost_wrathful_warriors,
          minmay_strange_pillars
D:11:     layout_long_grid
D:12:     layout_basic, orc_0_dummy, enter_trove_6
D:13:     layout_loops_ring, skrybe_vaults_entry_preservation, serial_glass,
          glass_columns_b, glass_columns_b, feat_on_display,
          kennysheep_treasure_room, uniq_kirke
D:14:     layout_rooms, kennysheep_pointless_box, evilmike_butchery
D:15:     grunt_enter_depths_magical_seal, layout_basic
Temple:   eino_temple_scatter_basement
Lair:1:   layout_small_grid, lemuel_fruit_tree
Lair:2:   layout_gridlike, minivault_24, nicolae_lair_grove_arrangements,
          serial_bayou_shore_a, uniq_sonja
Lair:3:   layout_chaotic_city, skrybe_swamp_entry_bodies,
          minmay_snake_entry_guardpost_small, kennysheep_snail_temple,
          grunt_megastairs_3
Lair:4:   layout_regular_city, enter_volcano_2, chequers_serial_rivers_micro_d,
          cheibrodos_lair_reptile_den
Lair:5:   layout_gridlike, slime_altar_1, ebering_ghost_inner_flame, uniq_urug
Lair:6:   cheibrodos_lair_end_hotspot, layout_regular_city,
          gauntlet_entry_generic
Swamp:1:  layout_falls_marsh, nicolae_swamp_triple_paths
Swamp:2:  layout_falls_marsh, evilmike_swamp_ruin_house_6,
          nicolae_swamp_feature_on_the_river_bank
Orc:1:    layout_caves, basic_altar
Orc:2:    st_orc_elflike, layout_caves

Skill      XL: |  1  2  3  4  5  6  7  8  9 10 11 12 13 14 15 16 |
---------------+-------------------------------------------------+-----
Fighting       | 3 4 5 6 7 8 10 11 12 13 14 15 16 | 16.2
Maces & Flails | 1 2 3 4 5 7 8 9 11 12 13 14 15 16 | 16.1
Throwing       | 5 6 7 8 9 10 11 12 13 | 13.3
Dodging        | 5 |  5.6
Stealth        | |  0.5

Action                   |  1- 3 |  4- 6 |  7- 9 | 10-12 | 13-15 | 16-18 || total
-------------------------+-------+-------+-------+-------+-------+-------++-------
Melee: Whip              |   120 |   197 |   192 |       |       |       ||   509
       Short sword       |     1 |       |       |       |       |       ||     1
       Morningstar       |       |       |    10 |   414 |   656 |       ||  1080
       Flail             |       |       |   174 |   275 |       |       ||   449
       Dagger            |       |       |    11 |     4 |       |       ||    15
       Giant spiked club |       |       |       |       |   333 |   133 ||   466
       Dire flail        |       |       |       |       |   134 |    22 ||   156
 Fire: Hunting sling     |     5 |     4 |       |       |       |       ||     9
Throw: Large rock        |     3 |     1 |     5 |    21 |    14 |       ||    44
       Throwing net      |     2 |     1 |       |       |       |       ||     3
       Stone             |       |    38 |    21 |    99 |   174 |       ||   332
       Dart              |       |     3 |    27 |    24 |     9 |       ||    63
       Javelin           |       |       |    11 |    26 |    13 |       ||    50
       Boomerang         |       |       |       |     1 |    22 |    35 ||    58
Invok: Sacrifice Skill   |       |       |     1 |       |       |       ||     1
       Sacrifice Health  |       |       |       |     1 |       |       ||     1
       Draw Out Power    |       |       |       |     1 |       |       ||     1
       Sacrifice Arcana  |       |       |       |     1 |       |       ||     1
       Reject Sacrifices |       |       |       |     1 |       |       ||     1
       Sacrifice Love    |       |       |       |       |     1 |       ||     1
       Power Leap        |       |       |       |       |    24 |     2 ||    26
       Apocalypse        |       |       |       |       |     3 |       ||     3
       Sacrifice Artific |       |       |       |       |     1 |       ||     1
Evoke: Wand              |       |       |       |     7 |     4 |       ||    11
  Use: Scroll            |       |       |    10 |    10 |     9 |     3 ||    32
       Potion            |       |       |     1 |     4 |     5 |       ||    10
 Stab: Sleeping          |     3 |       |     2 |       |     1 |       ||     6
       Held in net/web   |       |     1 |       |       |       |       ||     1
       Distracted        |       |       |     2 |     2 |     6 |       ||    10
       Invisible         |       |       |       |    11 |    22 |       ||    33
       Paralysed         |       |       |       |     5 |    19 |     3 ||    27
       Petrified         |       |       |       |     4 |       |       ||     4
  Eat: Chunk             |     5 |     8 |    16 |    31 |    52 |     8 ||   120
       Ration            |       |     1 |     2 |     4 |     6 |       ||    13
Armor: Robe              |    36 |    32 |   114 |   162 |   130 |    14 ||   488
       Skin              |       |       |       |       |     3 |       ||     3
       Fire dragon scale |       |       |       |       |    69 |       ||    69
       Steam dragon scal |       |       |       |       |     1 |       ||     1
       Acid dragon scale |       |       |       |       |    13 |       ||    13
Dodge: Dodged            |    68 |    98 |   196 |   312 |   514 |    78 ||  1266

Table legend:
 A = Non-vault XP
 B = Vault XP
 C = Vault XP percentage of total XP
 D = Non-vault monster count
 E = Vault monster count
 F = Vault count percentage of total count
                 A         B        C        D         E       F
            +---------+---------+-------+---------+---------+-------
      Total |   97647 |   49426 |  33.6 |     563 |     146 |  20.6
            +---------+---------+-------+---------+---------+-------
        D:1 |      20 |       6 |  23.1 |      12 |       4 |  25.0
        D:2 |     231 |      12 |   4.9 |      28 |       6 |  17.6
        D:3 |     132 |       0 |   0.0 |      22 |       0 |   0.0
        D:4 |     231 |       0 |   0.0 |      17 |       0 |   0.0
        D:5 |     438 |       0 |   0.0 |      14 |       0 |   0.0
        D:6 |     366 |       0 |   0.0 |      12 |       0 |   0.0
        D:7 |     714 |    1154 |  61.8 |      18 |       6 |  25.0
        D:8 |     976 |      53 |   5.2 |      24 |       9 |  27.3
        D:9 |    2647 |       0 |   0.0 |      38 |       0 |   0.0
       D:10 |    4114 |    5196 |  55.8 |      23 |       8 |  25.8
       D:11 |    7012 |       0 |   0.0 |      42 |       0 |   0.0
       D:12 |    3498 |       0 |   0.0 |      33 |       0 |   0.0
       D:13 |    5967 |    5812 |  49.3 |      26 |       8 |  23.5
       D:14 |    6020 |       0 |   0.0 |      22 |       0 |   0.0
       D:15 |   11265 |    6952 |  38.2 |      18 |      10 |  35.7
     Lair:1 |    6173 |       0 |   0.0 |      23 |       0 |   0.0
     Lair:2 |    7476 |    1053 |  12.3 |      30 |       3 |   9.1
     Lair:3 |    4251 |    2497 |  37.0 |      18 |       9 |  33.3
     Lair:4 |    5107 |     343 |   6.3 |      16 |       1 |   5.9
     Lair:5 |    5802 |     839 |  12.6 |      21 |       1 |   4.5
     Lair:6 |    8107 |    7999 |  49.7 |      28 |      28 |  50.0
    Swamp:1 |   11070 |       0 |   0.0 |      24 |       0 |   0.0
      Orc:1 |    2341 |     105 |   4.3 |      18 |       1 |   5.3
      Orc:2 |    3689 |    8146 |  68.8 |      36 |      23 |  39.0
    Volcano |       0 |    5501 | 100.0 |       0 |      14 | 100.0
   Gauntlet |       0 |    3758 | 100.0 |       0 |      15 | 100.0
            +---------+---------+-------+---------+---------+-------
